 Dungeon Sprint DCSS version 0.26-a0-835-g8259106e14 (webtiles) character file.

Game seed: 17875805945111801163

42 rocky1 the Chiller (level 3, -3/19 HPs)
             Began as a Gargoyle Ice Elementalist on Nov 18, 2020.
             Was a Believer of Sif Muna.
             Slain by a phantom (7 damage)
             ... in the Dungeon (Sprint VII: "The Pits").
             The game lasted 00:03:02 (345 turns).

rocky1 the Chiller (Gargoyle Ice Elementalist)       Turns: 345, Time: 00:03:03

Health: -3/19      AC:  5    Str: 11    XL:     3   Next: 54%
Magic:  6/7        EV: 12    Int: 16    God:    Sif Muna [**....]
Gold:   0          SH:  0    Dex: 10    Spells: 1/8 levels left

rFire    . . .     SeeInvis .   b - +2 mace
rCold    . . .     Faith    .   (no shield)
rNeg     + . .     Spirit   .   a - +0 robe
rPois    ∞         Reflect  .   (no helmet)
rElec    +         Harm     .   (no cloak)
rCorr    .         Rampage  .   (no gloves)
MR       .....     NoTele   +   (no boots)
Stlth    ++........             (no amulet)
HPRegen  0.06/turn              (no ring)
MPRegen  0.10/turn              (no ring)

@: berserk cooldown, slowed, very slow
A: negative energy resistance 1, electricity resistance, unbreathing,
petrification resistance, rot immunity, AC +3
a: Channel Magic, Renounce Religion


You were in the Dungeon.
You worshipped Sif Muna.
Sif Muna was pleased with you.
You visited 1 branch

Inventory:

Hand Weapons
 b - a +2 mace (weapon)
Armour
 a - a +0 robe (worn)
Scrolls
 h - a scroll of blinking
 j - 3 scrolls of remove curse
 k - 5 scrolls of amnesia
 l - a scroll of summoning
Potions
 e - a potion of haste
 f - 4 potions of magic
 g - 2 potions of berserk rage
 i - 2 potions of invisibility


   Skills:
 + Level 2.9 Dodging
 - Level 2.1 Stealth
 + Level 3.3 Spellcasting
 * Level 5.9 Ice Magic
 + Level 2.7 Invocations


You had one spell level left.
You knew the following spells:

 Your Spells              Type           Power        Failure   Level
a - Freeze                Ice            ###.         1%          1
b - Frozen Ramparts       Ice            ###...       4%          3
c - Ozocubu's Armour      Ice            ###.....     4%          3

Your spell library contained the following spells:

 Spells                   Type           Power        Failure   Level
 Hailstorm                Conj/Ice       ##......     47%         4
 Summon Ice Beast         Ice/Summ       ##......     47%         4


Dungeon Overview and Level Annotations

Branches:
Dungeon (1/1)

Altars:
Ashenzari
Cheibriados
Dithmenos
Elyvilon
Fedhas
Gozag
Hepliaklqana
Kikubaaqudgha
Makhleb
Nemelex Xobeh
Okawaru
Qazlal
Ru
Sif Muna
Trog
Uskayaw
Vehumet
Wu Jian
Xom
Yredelemnul
Zin
The Shining One
Beogh
Jiyva
Lugonu


Innate Abilities, Weirdness & Mutations

You are resistant to torment.
Your stone body is resilient. (AC +3)
You are immune to poison.
You resist negative energy. (rN+)
You are resistant to electric shocks. (rElec)
You can survive without breathing.
You are immune to petrification.
You are immune to rotting.


Message History

The phantom blinks!
Casting: Ozocubu's Armour (quite dangerous; 4% risk of failure)
Confirm with . or Enter, or press ? or * to list all spells.
The spell is quite dangerous to cast (4% risk of failure)!
Continue anyway?
A film of ice covers your body!
The phantom blinks!
The phantom blinks!
You barely miss the phantom.
The phantom is lightly damaged.
The phantom hits you but does no damage.
The phantom blinks!
Your icy armour cracks and falls away as you move.
The phantom blinks!
You open the door. The phantom hits you.
* * * LOW HITPOINT WARNING * * *
Found nine items.
You hit the phantom but do no damage.
The phantom is lightly damaged.
The phantom hits you but does no damage. x2
The phantom hits you!
You die...

##########.##...........
#.......)...W...........
#+#####÷#####......#..#.
#..#..#[[##...........
#..'..#))#####'#####++
#..####))##.......#
#.W#..#))##.......#
#..#..#!!##.......#
##'#..#@###...<...#
#.....W..##.......#
#........##.......#
###########.......#
#########


You could see a phantom.

Vanquished Creatures
  An adder (D)
  A gnoll (D)
  A river rat (D)
  An ooze (D)
  An orc (D)
  A bat skeleton (D)
  2 jackals (D)
  A frilled lizard (D)
  A rat (D)
10 creatures vanquished.

Notes
Turn   | Place    | Note
-------+----------+-------------------------------------------
     0 | D        | rocky1 the Gargoyle Ice Elementalist began the quest for
                  | the Orb.
     0 | D        | Reached XP level 1. HP: 10/10 MP: 3/3
    27 | D        | Found a bloodstained altar of Trog.
    27 | D        | Found a shimmering blue altar of Sif Muna.
    27 | D        | Found a viscous altar of Jiyva.
    27 | D        | Found a hazy altar of Hepliaklqana.
    27 | D        | Found an opulent altar of Gozag.
    52 | D        | Found a glowing golden altar of the Shining One.
    52 | D        | Found a glowing silver altar of Zin.
    52 | D        | Found a basalt altar of Yredelemnul.
    52 | D        | Found a shimmering altar of Xom.
    52 | D        | Found an ornate altar of the Wu Jian Council.
    52 | D        | Found a sacrificial altar of Ru.
    52 | D        | Found a stormy altar of Qazlal.
    52 | D        | Found an iron altar of Okawaru.
    52 | D        | Found a sparkling altar of Nemelex Xobeh.
    52 | D        | Found a burning altar of Makhleb.
    52 | D        | Found a blossoming altar of Fedhas.
    52 | D        | Found a white marble altar of Elyvilon.
    52 | D        | Found a shadowy altar of Dithmenos.
    52 | D        | Found a snail-covered altar of Cheibriados.
    55 | D        | Found a corrupted altar of Lugonu.
    55 | D        | Found a radiant altar of Vehumet.
    55 | D        | Found a roughly hewn altar of Beogh.
    56 | D        | Found an ancient bone altar of Kikubaaqudgha.
    56 | D        | Found a hide-covered altar of Uskayaw.
    56 | D        | Found a broken altar of Ashenzari.
    57 | D        | Became a worshipper of Sif Muna the Loreminder
    73 | D        | Reached skill level 1 in Invocations
    74 | D        | Reached XP level 2. HP: 15/15 MP: 1/5
    75 | D        | Reached * piety under Sif Muna
   126 | D        | Reached skill level 5 in Ice Magic
   131 | D        | Reached XP level 3. HP: 15/19 MP: 0/7
   131 | D        | Reached ** piety under Sif Muna
   204 | D        | Learned a level 3 spell: Frozen Ramparts
   208 | D        | Learned a level 3 spell: Ozocubu's Armour
   290 | D        | Noticed a phantom
   345 | D        | Slain by a phantom

Illustrated notes

Levels and vault maps discovered:
D:        pitsprint [storerooms_1, entrance_room_1, metal_vault_1, armoury_2,
          mini_pit_1, grid_room_1, main_hall_1, silver_pit, the_coven_2,
          the_vestibule_1, steel_vault_4, golden_pit, hallway_of_sentries,
          crystal_vault_1, iron_vault_4, final_vault]

Skill      XL: |  1  2 |
---------------+-------+-----
Dodging        | 2 |  2.9
Invocations    | 1 2 |  2.7
Ice Magic      | 5 |  5.9
Spellcasting   | 3 |  3.3
Stealth        | |  2.1

Action                   || total
-------------------------++-------
Melee: Unarmed           ||     8
       Mace              ||    28
 Cast: Freeze            ||    10
       Ozocubu's Armour  ||     2
  Use: Potion            ||     3
Armor: Robe              ||    25
Dodge: Dodged            ||    26

Table legend: (Time is in decaauts)
 A = Elapsed time spent in this place.
 B = Non-inter-level travel time spent in this place.
 C = Inter-level travel time spent in this place.
 D = Time resting spent in this place.
 E = Time spent auto-exploring this place.
 F = Levels seen in this place.
 G = Mean time per level.
                   A        B        C        D        E       F      G
               +--------+--------+--------+--------+--------+-----+--------+
         Total |    366 |    366 |      0 |    155 |      0 |   1 |  366.0 |
       Dungeon |    366 |    366 |      0 |    155 |      0 |   1 |  366.0 |
               +--------+--------+--------+--------+--------+-----+--------+

Top non-repeatable levels by time:
       D: 366 daAuts
